 Dungeon Sprint DCSS version 0.21-a0-278-ga722497 (webtiles) character file.

448 potatolord6000 the Cleaver (level 6, -1/55 HPs)
             Began as a Minotaur Monk on Sept 20, 2017.
             Was a Priest of Hepliaklqana.
             Succumbed to a gnoll sergeant's poison
             ... in the Dungeon (Sprint VII: "The Pits").
             The game lasted 00:02:37 (364 turns).

potatolord6000 the Cleaver (Minotaur Monk)           Turns: 364, Time: 00:02:38

Health: -1/55      AC: 13    Str: 17    XL:     6   Next: 73%
Magic:  9/9        EV: 11    Int:  7    God:    Hepliaklqana [***...]
Gold:   0          SH:  0    Dex: 13    Spells: 5/5 levels left

rFire    . . .     SeeInvis .   b - +2 hand axe (chop)
rCold    . . .     Gourm    .   (no shield)
rNeg     . . .     Faith    .   f - +3 chain mail
rPois    .         Spirit   .   (helmet restricted)
rElec    .         Reflect  .   (no cloak)
rCorr    .         Harm     .   (no gloves)
MR       .....     NoTele   +   (no boots)
Stlth    ..........             (no amulet)
HPRegen  0.18/turn              (no ring)
MPRegen  0.11/turn              (no ring)

@: lethally poisoned (-1 -> -43)
A: retaliatory headbutt, reduced essence, horns 2
a: Recall Ancestor, Ancestor Identity, Transference, Renounce Religion


You were in the Dungeon.
You worshipped Hepliaklqana.
Hepliaklqana was most pleased with you.
You were not hungry.

You visited 1 branch

Inventory:

Hand Weapons
 b - a +2 hand axe of chopping (weapon)
Armour
 f - a +3 chain mail (worn)
Scrolls
 i - a scroll of blinking
 k - 3 scrolls of remove curse
 l - 5 scrolls of amnesia
 m - a scroll of summoning
Potions
 a - a potion of invisibility
 d - 6 potions of curing
 e - 6 potions of heal wounds
 g - 4 potions of magic
 h - 3 potions of berserk rage
Comestibles
 c - 8 bread rations
 n - 40 fruits
 o - 7 meat rations


   Skills:
 + Level 8.6 Fighting
 + Level 8.7 Axes
 + Level 7.7 Armour
 + Level 7.9 Dodging
 - Level 1.5 Stealth
 + Level 6.1 Invocations


You had 5 spell levels left.
You didn't know any spells.

Dungeon Overview and Level Annotations

Branches:
Dungeon (1/1)

Altars:
Ashenzari
Cheibriados
Dithmenos
Elyvilon
Fedhas
Gozag
Hepliaklqana
Kikubaaqudgha
Makhleb
Nemelex Xobeh
Okawaru
Qazlal
Ru
Sif Muna
Trog
Uskayaw
Vehumet
Wu Jian
Xom
Yredelemnul
Zin
The Shining One
Beogh
Jiyva
Lugonu


Innate Abilities, Weirdness & Mutations

You reflexively headbutt those who attack you in melee.
You have a pair of horns on your head.
Your life essence is reduced to manifest your ancestor. (-10% HP)


Message History

The gnoll sergeant hits you but does no damage.
You are more poisoned.
You hit the orc warrior but do no damage.
You headbutt the orc warrior.
You kill the orc warrior!
Your Invocations skill increases to level 6!
* * * LOW HITPOINT WARNING * * *
You feel very sick.
The gnoll sergeant hits you from afar with a spear of venom.
* * * LOW HITPOINT WARNING * * *
You are more poisoned.
Unknown command.
* * * LOW HITPOINT WARNING * * *
You feel very sick. The gnoll sergeant closely misses you.
Things that are here:
a short sword; a chain mail; an orc corpse Unknown command.
The gnoll sergeant blocks your attack.
You die...

#...........'.....
#'#####'#####.....
#.#..#.(...##.....
#.#))#####'#####'#
#.#))#.....##.....
#.#))#.†...##.....
#†#[[###'####.....
#†##'#.....##...<.
#@#....†...##.....
#g#........##.....
#o###########.....
#og...5.# ######
#g5.Zh..#
#...#...# #..##
.o# #... o# #... #


You could see a gnoll sergeant, an orc wizard, 2 gnolls, a crimson imp and an
orc.

Vanquished Creatures
  A hungry ghost (D)
  A warg (D)
  An orc warrior (D)
  A scorpion (D)
  A worker ant (D)
  A gnoll (D)
  A river rat (D)
  2 ufetubi (D)
  A leopard gecko (D)
  A jackal (D)
  A kobold (D)
  A rat (D)
13 creatures vanquished.

Vanquished Creatures (collateral kills)
  A bat zombie (D)
  A jackal (D)
2 creatures vanquished.

Vanquished Creatures (others)
  2 hexers (D)
2 creatures vanquished.

Grand Total: 17 creatures vanquished

Notes
Turn   | Place    | Note
-------+----------+-------------------------------------------
     0 | D        | potatolord6000 the Minotaur Monk began the quest for the Orb.
     0 | D        | Reached XP level 1. HP: 19/19 MP: 0/0
    16 | D        | Reached skill level 1 in Armour
    49 | D        | Found a bloodstained altar of Trog.
    49 | D        | Found a deep blue altar of Sif Muna.
    49 | D        | Found a viscous altar of Jiyva.
    49 | D        | Found a hazy altar of Hepliaklqana.
    49 | D        | Found an opulent altar of Gozag.
    50 | D        | Found a glowing golden altar of the Shining One.
    50 | D        | Found a glowing silver altar of Zin.
    50 | D        | Found a basalt altar of Yredelemnul.
    50 | D        | Found a shimmering altar of Xom.
    50 | D        | Found an ornate altar of the Wu Jian Council.
    50 | D        | Found a sacrificial altar of Ru.
    50 | D        | Found a stormy altar of Qazlal.
    50 | D        | Found an iron altar of Okawaru.
    50 | D        | Found a sparkling altar of Nemelex Xobeh.
    50 | D        | Found a burning altar of Makhleb.
    50 | D        | Found a blossoming altar of Fedhas.
    50 | D        | Found a white marble altar of Elyvilon.
    50 | D        | Found a shadowy altar of Dithmenos.
    50 | D        | Found a snail-covered altar of Cheibriados.
    54 | D        | Found a roughly hewn altar of Beogh.
    54 | D        | Found a corrupted altar of Lugonu.
    54 | D        | Found a radiant altar of Vehumet.
    55 | D        | Found a shattered altar of Ashenzari.
    55 | D        | Found an ancient bone altar of Kikubaaqudgha.
    55 | D        | Found a hide-covered altar of Uskayaw.
    60 | D        | Became a worshipper of Hepliaklqana the Forgotten
    60 | D        | Reached * piety under Hepliaklqana
    60 | D        | Reached ** piety under Hepliaklqana
    62 | D        | Remembered your ancestor Ingiyab as a hexer
   180 | D        | Reached XP level 2. HP: 25/25 MP: 1/1
   228 | D        | Reached skill level 5 in Fighting
   228 | D        | Reached skill level 5 in Axes
   228 | D        | Reached skill level 1 in Invocations
   228 | D        | Reached XP level 3. HP: 32/32 MP: 1/3
   235 | D        | Noticed a hungry ghost
   250 | D        | Killed a hungry ghost
   250 | D        | Reached skill level 5 in Armour
   250 | D        | Reached XP level 4. HP: 37/42 MP: 2/6
   250 | D        | Reached XP level 5. HP: 41/46 MP: 2/7
   335 | D        | Reached *** piety under Hepliaklqana
   335 | D        | Noticed a warg
   343 | D        | Noticed an orc warrior
   351 | D        | Killed a warg
   351 | D        | Reached skill level 5 in Invocations
   351 | D        | Reached XP level 6. HP: 34/54 MP: 8/8
   362 | D        | Killed an orc warrior
   363 | D        | HP: 2/55 [poisoned by a gnoll sergeant]
   364 | D        | Succumbed to a gnoll sergeant's poison

Vault maps used:
D:        pitsprint

Skill      XL: |  1  2  3  4  5  6 |
---------------+-------------------+-----
Fighting       | 4 5 7 8 |  8.6
Axes           | 4 5 7 8 |  8.7
Armour         | 2 3 5 6 7 |  7.7
Dodging        | 4 6 7 |  7.9
Invocations    | 1 4 5 6 |  6.1
Stealth        | |  1.5

Action                   |  1- 3 |  4- 6 || total
-------------------------+-------+-------++-------
Melee: Hand axe          |    20 |    15 ||    35
       Headbutt          |     4 |     5 ||     9
Invok: Ancestor Life: He |     1 |       ||     1
  Use: Potion            |     2 |       ||     2
 Stab: Sleeping          |     3 |       ||     3
       Invisible         |     1 |     1 ||     2
       Confused          |     1 |       ||     1
Armor: Robe              |     2 |       ||     2
       Chain mail        |       |     5 ||     5
Dodge: Dodged            |    24 |     9 ||    33

Table legend:
 A = Spawn XP
 B = Non-spawn XP
 C = Spawn XP percentage of total XP
 D = Spawn monster count
 E = Non-spawn monster count
 F = Spawn count percentage of total count
 G = Total turns spent on level
                    A         B        C        D         E        F      G
               +---------+---------+-------+---------+---------+-------+---------
         Total |       0 |     640 |   0.0 |       0 |      15 |   0.0 |   364
               +---------+---------+-------+---------+---------+-------+---------
             D |       0 |     640 |   0.0 |       0 |      15 |   0.0 |   364
               +---------+---------+-------+---------+---------+-------+---------
